 Dungeon Crawl Stone Soup version 0.29.1-2-gbd0b4ee654 (webtiles) character file.

Game seed: 6003502257094496691

87 safid the Shooter (level 4, -2/40 HPs)
             Began as a Minotaur Hunter on Nov 9, 2022.
             Slain by a hobgoblin (6 damage)
             ... led by Robin
             ... on level 3 of the Dungeon.
             The game lasted 00:02:09 (2025 turns).

safid the Shooter (Minotaur Hunter)                 Turns: 2025, Time: 00:02:10

Health: -2/40      AC:  6    Str: 15    XL:     4   Next: 28%
Magic:  3/3        EV: 10    Int:  6    God:
Gold:   61         SH:  0    Dex: 16    Spells: 3/3 levels left

rFire   . . .      SeeInvis .   a - +0 shortbow
rCold   . . .      Faith    .   (shield currently unavailable)
rNeg    . . .      Spirit   .   d - +0 scale mail
rPois   .          Reflect  .   (helmet restricted)
rElec   .          Harm     .   (no cloak)
rCorr   .          Rampage  .   (no gloves)
Will    .....                   (no boots)
Stlth   ..........              (no amulet)
HPRegen 0.13/turn               (no ring)
MPRegen 0.08/turn               (no ring)

@: no status effects
A: horns 2, retaliatory headbutt
a: no special abilities


You were on level 3 of the Dungeon.
You visited 1 branch of the dungeon, and saw 3 of its levels.

You collected 61 gold pieces.

Inventory:

Hand Weapons
 a - a +0 shortbow (weapon)
Missiles
 l - a throwing net
Armour
 d - a +0 scale mail (worn)
Scrolls
 c - a scroll of butterflies {unknown}
 e - 3 scrolls of identify {unknown}
 k - a scroll of magic mapping {unknown}
Potions
 b - 2 potions of might {unknown}
 f - a potion of brilliance {unknown}
 g - a potion of curing {unknown}
 h - a potion of lignification {unknown}
 i - a potion of mutation {unknown}
 j - a potion of haste {unknown}
 m - a potion of flight {unknown}


   Skills:
 + Level 4.2 Fighting
 + Level 5.5 Ranged Weapons
 - Level 2.1 Dodging
 - Level 0.7 Stealth


You had 3 spell levels left.
You didn't know any spells.
Your spell library contained the following spells:

 Spells                   Type           Power      Damage    Failure   Level
 Gell's Gravitas          Tloc           0%         N/A       99%         3
 Lesser Beckoning         Tloc           0%         N/A       99%         3
 Portal Projectile        Hex/Tloc       0%         N/A       99%         3
 Teleport Other           Tloc           0%         N/A       99%         3
 Tukima's Dance           Hex            0%         N/A       99%         3
 Summon Lightning Spire   Summ/Air       0%         N/A       100%        4
 Blade Hands              Tmut           0%         N/A       100%        5
 Storm Form               Tmut/Air       0%         N/A       100%        7
 Maxwell's Capacitive Co  Air            0%         ∞         100%        8


Dungeon Overview and Level Annotations

Branches:
Dungeon (3/15)

Altars:

Annotations:
D:2 1 runed translucent door, Crazy Yiuf


Innate Abilities, Weirdness & Mutations

You have a pair of horns on your head.
You reflexively headbutt those who attack you in melee.


Message History

Robin hits you with a +0 short sword.
Fire: a) +0 shortbow
Press: ? - help, Q - select action, (/) - cycle Shift-Dir - straight line, f/p - Robin
Aim: Robin, wielding a +0 short sword, wearing a +0 animal skin and wearing a +0 helmet (severely wounded, 71% to hit)
You shoot an arrow.
The arrow hits Robin but does no damage.
Robin is severely wounded.
Robin barely misses you. The goblin closely misses you.
Fire: a) +0 shortbow
Press: ? - help, Q - select action, (/) - cycle Shift-Dir - straight line, f - goblin, p - Robin
Aim: a goblin, wielding a +0 club (strong, 58% to hit)
You shoot an arrow. The arrow hits the goblin.
You kill the goblin!
Robin throws the goblin at you! The goblin hits you with a +0 club.
* * * LOW HITPOINT WARNING * * *
Robin hits you but does no damage. The goblin barely misses you.
Fire: a) +0 shortbow
Press: ? - help, Q - select action, (/) - cycle Shift-Dir - straight line, f - goblin
Aim: a goblin, wielding a +0 club (strong, 58% to hit)
You shoot an arrow. The arrow barely misses the goblin.
Robin hits you but does no damage. The goblin hits you with a +0 club.
* * * LOW HITPOINT WARNING * * *
Fire: a) +0 shortbow
Press: ? - help, Q - select action, (/) - cycle Shift-Dir - straight line, f/p - goblin
Aim: a goblin, wielding a +0 club (strong, 58% to hit)
You shoot an arrow. The arrow hits the goblin.
The goblin is moderately wounded.
Robin barely misses you. You furiously retaliate!
You headbutt Robin!
You kill Robin!
The goblin barely misses you.
The hobgoblin hits you but does no damage.
The goblin hits you with a +0 club.
* * * LOW HITPOINT WARNING * * *
Fire: a) +0 shortbow
Press: ? - help, Q - select action, (/) - cycle Shift-Dir - straight line, f/p - goblin
Aim: a goblin, wielding a +0 club (moderately wounded, strong, 58% to hit)
You shoot an arrow. The arrow hits the goblin.
You kill the goblin!
The hobgoblin hits you.
You die...

...
#########.).
#...........
#.........#
#.....†...#
#####S........#
#.)@gg..†.....#
#.###g..?†....#
#.# #.........#
#.#
#...........
#.#
#.........##
#.# ###########
#.# #.# #.#


You could see an adder and 3 hobgoblins.

Vanquished Creatures
  Robin (D:3)
  2 adders (D:2)
  A dart slug (D:1)
  4 orcs
  5 endoplasms
  2 giant cockroaches
  7 goblins
  11 hobgoblins
  A kobold (D:1)
  A quokka (D:1)
  4 bats (D:1)
  3 frilled lizards (D:2)
  5 rats
47 creatures vanquished.

Notes
Turn   | Place    | Note
-------+----------+-------------------------------------------
     0 | D:1      | safid the Minotaur Hunter began the quest for the Orb.
     0 | D:1      | Reached XP level 1. HP: 18/18 MP: 0/0
   266 | D:1      | Reached XP level 2. HP: 22/25 MP: 1/1
   989 | D:2      | Reached skill level 5 in Ranged Weapons
   989 | D:2      | Reached XP level 3. HP: 17/31 MP: 2/2
  1599 | D:2      | Found a faded altar of an unknown god.
  1727 | D:2      | Found a runed translucent door.
  1728 | D:2      | Noticed Crazy Yiuf
  2002 | D:3      | Reached XP level 4. HP: 40/40 MP: 3/3
  2002 | D:3      | Noticed Robin
  2024 | D:3      | Killed Robin
  2025 | D:3      | Slain by a hobgoblin

Illustrated notes

Levels and vault maps discovered:
D:1:      dpeg_arrival_boxorama, layout_basic, serial_corexii_hall,
          corexii_hall_statues_t, corexii_hall_statues_i, minmay_misc_feat_iff
D:2:      layout_rooms, shapermc_ecumenical_altar_starsandcircs,
          chequers_serial_rivers_large_b, minmay_misc_feat_columns,
          uniq_crazy_yiuf_cottage
D:3:      layout_basic, gammafunk_ghost_mausoleum, uniq_robin, uniq_ijyb,
          uniq_terence, uniq_jessica

Skill      XL: |  1  2  3 |
---------------+----------+-----
Fighting       | 3 4 |  4.2
Ranged Weapons | 5 |  5.5
Dodging        | |  2.1
Stealth        | |  0.7

Action                   |  1- 3 |  4- 6 || total
-------------------------+-------+-------++-------
 Fire: Shortbow          |    91 |    19 ||   110
Armor: Scale mail        |    28 |    10 ||    38
Dodge: Dodged            |    37 |    12 ||    49
